AoeStats
← Bzm_Cordobez

Arena

509931927Analyzed
3v3 RM · 4d ago on Sep 28, 2026· 36m 19s· 6 players
Game mode
Random Map
Map size
Normal (6 player)
Population
200
Speed
Normal
Resources
Standard
Victory
Conquest
Starting age
Dark Age
Ending age
Imperial Age
RankedLock teamsTeams togetherTeam positionsShared explorationLock speedFull tech treeHidden civsTurbo modeCheats
Victory
Defeat
🇹🇷 Persians · Türkiye
1638
+5
🇹🇷 Portuguese · Türkiye
1605
+6
🇹🇷 Britons · Türkiye
638
+32
🇲🇽 Georgians · Mexico
1362
-18
🇪🇸 Inca · Spain
1309
-16
🇪🇸 Turks · Spain
1149
-9
EntrecoitoS
5:20 Loom
12:18 Feudal Age
16:49 Castle Age
22:37 Imperial Age
20:23 Double-Bit Axe
20:30 Gold Mining
22:26 Bow Saw
29:24 Wheelbarrow
Arctic Empire
0:27 Loom
11:36 Feudal Age
14:11 Double-Bit Axe
14:09 Horse Collar
16:32 Castle Age
18:13 Scale Mail Armor
18:07 Fletching
19:05 Scale Mail Armor
20:20 Stone Mining
21:31 Bodkin Arrow
34:15 Forging
34:10 Squires
33:56 Arson
35:12 Heavy Plow
35:59 Masonry
36:11 Ballistics
36:11 Chain Mail Armor
36:09 Treadmill Crane
FlashKiller
10:30 Feudal Age
8:45 Loom
14:46 Castle Age
13:01 Double-Bit Axe
13:41 Horse Collar
15:27 Wheelbarrow
23:14 Redemption
25:50 Sanctity
30:51 Bow Saw
33:45 Imperial Age
31:50 Gold Mining
33:55 Onager
35:45 Chemistry
WarPrince
9:35 Feudal Age
13:06 Castle Age
11:46 Double-Bit Axe
11:43 Horse Collar
14:18 Bow Saw
16:33 Loom
21:14 Wheelbarrow
22:14 Hand Cart
26:19 Imperial Age
23:42 Gold Mining
24:04 Scale Barding Armor
24:02 Town Watch
24:33 Forging
25:01 Gold Shaft Mining
25:08 Chain Barding Armor
25:55 Iron Casting
25:41 Bloodlines
25:44 Husbandry
27:14 Plate Barding Armor
26:01 Cavalier
27:49 Savar
31:28 Blast Furnace
31:47 Stone Mining
31:57 Heavy Plow
34:19 Capped Ram
36:33 Guilds
Mydonos
9:43 Feudal Age
11:17 Horse Collar
20:48 Castle Age
20:34 Fletching
22:23 Padded Archer Armor
21:56 Crossbowman
32:07 Imperial Age
36:25 Imperial Age
Bzm_Cordobez
10:17 Feudal Age
11:54 Feudal Age
13:19 Double-Bit Axe
13:28 Gold Mining
15:48 Castle Age
14:18 Horse Collar
16:52 Bow Saw
25:29 Wheelbarrow
29:19 Imperial Age
26:59 Stone Mining
31:26 Chemistry
32:12 Conscription
31:56 Arquebus
34:28 Elite Organ Gun
Connection lost

Rejoining the realm…

Still unreachable

The connection could not be restored.

Session expired

The server has moved on; the page needs a fresh start.